| TOP OF THE 1ST |
|---|
| North Carolina State Wolfpack batting - Pitching for Florida Gators : RHP Ryan Verhey | | Pitching: RHP Ryan Verhey | | | Batting: LHB Hector Berrios | 0-0: Swinging Strike 0-1: Ball 1-1: Foul Ball, location: 2F 1-2: Ball 2-2: Ground out 6-3 (Groundball, 6M) | | Batting: RHB Jose Lopez | 0-0: Fly out, F9 (Flyball, 9LMF) | | Batting: RHB Alan McDonald | 0-0: Ground out 6-3 (Groundball, 6) | | Top of the 1st over - 0 run(s), 0 hit(s), 0 error(s), 0 left on base; North Carolina State 0 - Florida 0 | | BOTTOM OF THE 1ST |
|---|
| Florida Gators batting - Pitching for North Carolina State Wolfpack : LHP Beau Maxwell | | Pitching: LHP Beau Maxwell | | | Batting: LHB Justin Cody | 0-0: Ball 1-0: Foul Ball, location: 2F 1-1: Bunt for hit - play at first, batter safe! | | Batting: LHB Eric Halweg | 0-0: Ball 1-0: SINGLE (Groundball, 6MD) Justin Cody to second | | Batting: RHB Aaron Eller | 0-0: Swinging Strike 0-1: Fly out, F8 (Flyball, 8LD) Runner from 2nd tags up, SAFE at 3rd with throw | | Batting: LHB Adam Winston | 0-0: Ball 1-0: Grounds into double play, 5-4-3 (Groundball, 5L) | | Bottom of the 1st over - 0 run(s), 2 hit(s), 0 error(s), 1 left on base; North Carolina State 0 - Florida 0 | | TOP OF THE 2ND |
|---|
| North Carolina State Wolfpack batting - Pitching for Florida Gators : RHP Ryan Verhey | | Batting: LHB Vsevolod Atnagulov | 0-0: Ball 1-0: Ball 2-0: Fly out, F8 (Flyball, 8RS) | | Batting: LHB Mike Langford | 0-0: Ball 1-0: Called Strike 1-1: Called Strike 1-2: Ball 2-2: Foul Ball, location: 2F 2-2: Ball 3-2: Base on Balls | | Batting: LHB Chance Dow | 0-0: Ball Mike Langford steals 2nd base 1-0: Ball 2-0: Called Strike 2-1: Called Strike 2-2: Ground out 5-3 (Groundball, 5D) | | Batting: SHB Darren Park | 0-0: Ball 1-0: Called Strike 1-1: Ball 2-1: Swinging Strike 2-2: Strikes out swinging | | Top of the 2nd over - 0 run(s), 0 hit(s), 0 error(s), 1 left on base; North Carolina State 0 - Florida 0 | | BOTTOM OF THE 2ND |
|---|
| Florida Gators batting - Pitching for North Carolina State Wolfpack : LHP Beau Maxwell | | Batting: SHB Matt Lewis | 0-0: SINGLE (Groundball, 4MD) | | Batting: RHB Logan Jones | 0-0: Foul Ball, location: 2F 0-1: Swinging Strike 0-2: Ball 1-2: Foul Ball, location: 2F 1-2: Ball 2-2: Strikes out looking | | Batting: LHB Abe Canuso | 0-0: Ball 1-0: Ball 2-0: Ball 3-0: Base on Balls Matt Lewis to second | | Batting: RHB Chris Melesio | 0-0: Grounds into double play, 5-4-3 (Groundball, 56) | | Bottom of the 2nd over - 0 run(s), 1 hit(s), 0 error(s), 1 left on base; North Carolina State 0 - Florida 0 | | TOP OF THE 3RD |
|---|
| North Carolina State Wolfpack batting - Pitching for Florida Gators : RHP Ryan Verhey | | Batting: RHB Ryan Doane | 0-0: Ball 1-0: Ball 2-0: Fly out, F3 (Popup, 3SF) | | Batting: SHB John Lindquist | 0-0: Ball 1-0: Called Strike 1-1: Ball 2-1: Ball 3-1: Base on Balls | | Batting: LHB Hector Berrios | 0-0: Foul Ball, location: 2F 0-1: Ball 1-1: Ball 2-1: Fly out, F4 (Popup, 4MD) | | Batting: RHB Jose Lopez | 0-0: Called Strike 0-1: Foul Ball, location: 2F 0-2: Foul Ball, location: 2F 0-2: Ball 1-2: Strikes out swinging | | Top of the 3rd over - 0 run(s), 0 hit(s), 0 error(s), 1 left on base; North Carolina State 0 - Florida 0 | | BOTTOM OF THE 3RD |
|---|
| Florida Gators batting - Pitching for North Carolina State Wolfpack : LHP Beau Maxwell | | Batting: SHB Bryan Hegedus | 0-0: Ball 1-0: Ball 2-0: Ball 3-0: Called Strike 3-1: Foul Ball, location: 2F 3-2: Strikes out swinging | | Batting: LHB Justin Cody | 0-0: Ball 1-0: Ground out 4-3 (Groundball, 4) | | Batting: LHB Eric Halweg | 0-0: Ground out 6-3 (Groundball, 6S) | | Bottom of the 3rd over - 0 run(s), 0 hit(s), 0 error(s), 0 left on base; North Carolina State 0 - Florida 0 | | TOP OF THE 4TH |
|---|
| North Carolina State Wolfpack batting - Pitching for Florida Gators : RHP Ryan Verhey | | Batting: RHB Alan McDonald | 0-0: Ball 1-0: Called Strike 1-1: Swinging Strike 1-2: Ball 2-2: Ball 3-2: Fly out, F7 (Flyball, 78M) | | Batting: LHB Vsevolod Atnagulov | 0-0: Called Strike 0-1: Ball 1-1: Called Strike 1-2: Strikes out swinging | | Batting: LHB Mike Langford | 0-0: Called Strike 0-1: Ball 1-1: Foul Ball, location: 2F 1-2: Ball 2-2: Ground out 4-3 (Groundball, 4) | | Top of the 4th over - 0 run(s), 0 hit(s), 0 error(s), 0 left on base; North Carolina State 0 - Florida 0 | | BOTTOM OF THE 4TH |
|---|
| Florida Gators batting - Pitching for North Carolina State Wolfpack : LHP Beau Maxwell | | Batting: RHB Aaron Eller | 0-0: Foul Ball, location: 2F 0-1: Called Strike 0-2: Ball 1-2: Ball 2-2: Ball 3-2: Base on Balls | | Batting: LHB Adam Winston | 0-0: Ball 1-0: Called Strike 1-1: Ball 2-1: Fly out, F7 (Line Drive, 7) | | Batting: SHB Matt Lewis | 0-0: Ball 1-0: Swinging Strike 1-1: 2-RUN HOME RUN (Flyball, 7D), Distance : 363 ft | | Batting: RHB Logan Jones | 0-0: Ball 1-0: Ball 2-0: Called Strike 2-1: Ground out 5-3 (Groundball, 5L) | | Batting: LHB Abe Canuso | 0-0: Called Strike 0-1: Foul Ball, location: 2F 0-2: Ball 1-2: Foul Ball, location: 2F 1-2: Ball 2-2: Ball 3-2: Strikes out swinging | | Bottom of the 4th over - 2 run(s), 1 hit(s), 0 error(s), 0 left on base; North Carolina State 0 - Florida 2 | | TOP OF THE 5TH |
|---|
| North Carolina State Wolfpack batting - Pitching for Florida Gators : RHP Ryan Verhey | | Batting: LHB Chance Dow | 0-0: Foul Ball, location: 2F 0-1: Ball 1-1: Swinging Strike 1-2: Ball 2-2: Ball 3-2: Ground out 6-3 (Groundball, 6M) | | Batting: SHB Darren Park | 0-0: Called Strike 0-1: Foul Ball, location: 2F 0-2: Ball 1-2: Strikes out swinging | | Batting: RHB Ryan Doane | 0-0: Called Strike 0-1: Ball 1-1: Ball 2-1: Foul Ball, location: 2F 2-2: Ground out 1-3 (Groundball, 13) | | Top of the 5th over - 0 run(s), 0 hit(s), 0 error(s), 0 left on base; North Carolina State 0 - Florida 2 | | BOTTOM OF THE 5TH |
|---|
| Florida Gators batting - Pitching for North Carolina State Wolfpack : LHP Beau Maxwell | | Batting: RHB Chris Melesio | 0-0: Swinging Strike 0-1: Ground out 6-3 (Groundball, 6) | | Batting: SHB Bryan Hegedus | 0-0: Ball 1-0: Ball 2-0: Called Strike 2-1: SINGLE (Flyball, 7LM) | | Batting: LHB Justin Cody | 0-0: Ball 1-0: Ball 2-0: Swinging Strike 2-1: SINGLE (Line Drive, 9LS) Bryan Hegedus to second Runner from 2nd tries for 3rd, SAFE, throw made to third | | Batting: LHB Eric Halweg | 0-0: Called Strike 0-1: Ball 1-1: Ball 2-1: Ball 3-1: Base on Balls Justin Cody to second | | Batting: RHB Aaron Eller | 0-0: Called Strike 0-1: Called Strike 0-2: Fly out, F8 (Line Drive, 8RD) Throwing error, E8 Bryan Hegedus scores Justin Cody to third Eric Halweg to second | | Batting: LHB Adam Winston | 0-0: Ball 1-0: Reached on error, E5 (Groundball, 56) Justin Cody scores Eric Halweg to third | | Batting: SHB Matt Lewis | 0-0: Called Strike 0-1: Called Strike 0-2: Strikes out looking | | Bottom of the 5th over - 2 run(s), 2 hit(s), 2 error(s), 2 left on base; North Carolina State 0 - Florida 4 | | TOP OF THE 6TH |
|---|
| North Carolina State Wolfpack batting - Pitching for Florida Gators : RHP Ryan Verhey | | Batting: SHB John Lindquist | 0-0: Ground out U3 (Groundball, 34S) | | Batting: LHB Hector Berrios | 0-0: Foul Ball, location: 2F 0-1: Swinging Strike 0-2: Strikes out swinging | | Batting: RHB Jose Lopez | 0-0: Called Strike 0-1: Swinging Strike 0-2: Foul Ball, location: 2F 0-2: Ball 1-2: Ball 2-2: Strikes out swinging | | Top of the 6th over - 0 run(s), 0 hit(s), 0 error(s), 0 left on base; North Carolina State 0 - Florida 4 | | BOTTOM OF THE 6TH |
|---|
| Florida Gators batting - Pitching for North Carolina State Wolfpack : LHP Beau Maxwell | | Batting: RHB Logan Jones | 0-0: Ground out 4-3 (Groundball, 4) | | Batting: LHB Abe Canuso | 0-0: Ball 1-0: Ground out 4-3 (Groundball, 4) | | Batting: RHB Chris Melesio | 0-0: Foul Ball, location: 2F 0-1: Foul Ball, location: 2F 0-2: Ball 1-2: Ball 2-2: Ball 3-2: Ground out U3 (Groundball, 3L) | | Bottom of the 6th over - 0 run(s), 0 hit(s), 0 error(s), 0 left on base; North Carolina State 0 - Florida 4 | | TOP OF THE 7TH |
|---|
| North Carolina State Wolfpack batting - Pitching for Florida Gators : RHP Ryan Verhey | | Batting: RHB Alan McDonald | 0-0: Ball 1-0: Ball 2-0: Swinging Strike 2-1: Fly out, F8 (Flyball, 78XD) | | Batting: LHB Vsevolod Atnagulov | 0-0: Called Strike 0-1: Foul Ball, location: 2F 0-2: Ball 1-2: Strikes out swinging | | Batting: LHB Mike Langford | 0-0: Called Strike 0-1: Ball 1-1: Called Strike 1-2: Foul Ball, location: 2F 1-2: Ball 2-2: Ball 3-2: SINGLE (Groundball, 4D) | | Pitching: RHP Dave Stein | | | Batting: LHB Chance Dow | 0-0: Called Strike Mike Langford steals 2nd base 0-1: Ground out 6-3 (Groundball, 6) | | Top of the 7th over - 0 run(s), 1 hit(s), 0 error(s), 1 left on base; North Carolina State 0 - Florida 4 | | BOTTOM OF THE 7TH |
|---|
| Florida Gators batting - Pitching for North Carolina State Wolfpack : LHP Beau Maxwell | | Pitching: RHP Brandon Jones | | | Batting: SHB Bryan Hegedus | 0-0: Ball 1-0: Called Strike 1-1: SINGLE (Flyball, 8RS) - OUT at second base trying to stretch hit. | | Batting: LHB Justin Cody | 0-0: Ball 1-0: Fly out, F6 (Flyball, 6MD) | | Batting: LHB Eric Halweg | 0-0: Ball 1-0: Ball 2-0: Ball 3-0: Called Strike 3-1: Base on Balls | | Batting: RHB Aaron Eller | 0-0: Ball 1-0: Ball 2-0: Ball 3-0: Called Strike 3-1: Base on Balls Eric Halweg to second | | Batting: LHB Adam Winston | 0-0: Foul Ball, location: 2F 0-1: Swinging Strike 0-2: Foul Ball, location: 2F 0-2: Strikes out swinging | | Bottom of the 7th over - 0 run(s), 1 hit(s), 0 error(s), 2 left on base; North Carolina State 0 - Florida 4 | | TOP OF THE 8TH |
|---|
| North Carolina State Wolfpack batting - Pitching for Florida Gators : RHP Dave Stein | | Batting: SHB Darren Park | 0-0: Called Strike 0-1: Foul Ball, location: 2F 0-2: Ball 1-2: Hit by Pitch | | Batting: RHB Ryan Doane | 0-0: Ball 1-0: Ball 2-0: Ball 3-0: Called Strike 3-1: Called Strike 3-2: Base on Balls Darren Park to second | | Batting: SHB John Lindquist | 0-0: Ball 1-0: Ball 2-0: Ball 3-0: Called Strike 3-1: Base on Balls Darren Park to third Ryan Doane to second | | Batting: LHB Hector Berrios | 0-0: Ball 1-0: SINGLE (Groundball, 56D) Darren Park scores Ryan Doane to third John Lindquist to second | | Pitching: RHP Mike Lightner | | | Batting: RHB Jose Lopez | 0-0: Ball 1-0: Ball 2-0: Ball 3-0: Called Strike 3-1: Base on Balls Ryan Doane scores John Lindquist to third Hector Berrios to second | | Batting: RHB Alan McDonald | 0-0: Swinging Strike 0-1: Ball 1-1: SINGLE (Flyball, 89S) John Lindquist scores Hector Berrios to third Jose Lopez to second | | Batting: LHB Vsevolod Atnagulov | 0-0: Grounds into fielders choice 6-2 (Groundball, 6) Jose Lopez to third Alan McDonald to second | | Batting: LHB Mike Langford | 0-0: Called Strike 0-1: SINGLE (Groundball, 6M) Jose Lopez scores Alan McDonald to third Vsevolod Atnagulov to second Runner from 3rd tries for Home, SAFE, throw made home | | Pitching: RHP Danny Porras | | | Batting: LHB Chance Dow | 0-0: Grounds into double play, 4-6-3 (Groundball, 4D) | | Top of the 8th over - 5 run(s), 3 hit(s), 0 error(s), 1 left on base; North Carolina State 5 - Florida 4 | | BOTTOM OF THE 8TH |
|---|
| Florida Gators batting - Pitching for North Carolina State Wolfpack : RHP Brandon Jones | | Batting: SHB Matt Lewis | 0-0: Ball 1-0: Swinging Strike 1-1: Ball 2-1: Swinging Strike 2-2: Ball 3-2: Foul Ball, location: 2F 3-2: Foul Ball, location: 2F 3-2: Base on Balls | | Pitching: RHP Jason Gentile | | | Batting: RHB Logan Jones | 0-0: Called Strike 0-1: Bunted foul 0-2: Ball 1-2: Foul Ball, location: 2F 1-2: Foul Ball, location: 2F 1-2: DOUBLE (Line Drive, 78D) Matt Lewis to third | | Batting: LHB Abe Canuso | 0-0: Ball 1-0: Ball 2-0: Called Strike 2-1: SINGLE (Line Drive, 7S) Matt Lewis scores Logan Jones to third | | Batting: RHB Chris Melesio | Pickoff Throw to First - Out! 0-0: Ball 1-0: Ball 2-0: Ball 3-0: Base on Balls | | Batting: SHB Bryan Hegedus | 0-0: Ball 1-0: Ball 2-0: Foul Ball, location: 2F 2-1: Ball 3-1: Base on Balls Chris Melesio to second | | Batting: LHB Justin Cody | 0-0: Called Strike 0-1: Ball 1-1: Foul Ball, location: 2F 1-2: Foul Ball, location: 2F 1-2: Foul Ball, location: 2F 1-2: Grounds into fielders choice 4-2 (Groundball, 34) Chris Melesio to third Bryan Hegedus to second | | Batting: LHB Eric Halweg | 0-0: Called Strike 0-1: Called Strike 0-2: Ball 1-2: Ball 2-2: Foul Ball, location: 2F 2-2: Fly out, F7 (Flyball, 78M) | | Bottom of the 8th over - 1 run(s), 2 hit(s), 0 error(s), 3 left on base; North Carolina State 5 - Florida 5 | | TOP OF THE 9TH |
|---|
| North Carolina State Wolfpack batting - Pitching for Florida Gators : RHP Danny Porras | | Pitching: RHP Gabriel Castillo | | | Pinch Hitting: RHB Phil Earles | 0-0: Ball 1-0: Ball 2-0: Ball 3-0: Called Strike 3-1: Base on Balls | | Pinch Hitting: SHB Will Rider | 0-0: Called Strike 0-1: Called Strike 0-2: Ball 1-2: Foul Ball, location: 2F 1-2: Ball 2-2: Foul Ball, location: 2F 2-2: Foul Ball, location: 2F 2-2: Foul Ball, location: 2F 2-2: Fly out, F7 (Line Drive, 7) | | Batting: SHB John Lindquist | 0-0: Ball 1-0: Ball 2-0: Ball 3-0: Base on Balls Phil Earles to second | | Pinch Runner at 2nd Glen Wemhoff: | | | Batting: LHB Hector Berrios | 0-0: Called Strike 0-1: Ball 1-1: Called Strike 1-2: Foul Ball, location: 2F 1-2: Ball 2-2: Ball 3-2: Base on Balls Glen Wemhoff to third John Lindquist to second | | Batting: RHB Jose Lopez | 0-0: Ball Wild Pitch! Glen Wemhoff scores John Lindquist to third Hector Berrios to second 1-0: Ball 2-0: SINGLE (Flyball, 7S) John Lindquist scores Hector Berrios to third Runner from 3rd tries for Home, SAFE, no throw | | Pitching: RHP Steve Bever | | | Batting: RHB Alan McDonald | 0-0: Ball 1-0: Called Strike 1-1: Ball 2-1: Ball 3-1: 2-RUN HOME RUN (Flyball, 7LD), Distance : 332 ft | | Batting: LHB Vsevolod Atnagulov | 0-0: Called Strike 0-1: Foul Ball, location: 2F 0-2: Ball 1-2: SINGLE (Groundball, 34S) (infield hit) | | Batting: LHB Mike Langford | 0-0: Ball 1-0: Fly out, F3 (Line Drive, 3) | | Batting: LHB Chance Dow | 0-0: Ball Vsevolod Atnagulov is caught stealing 2nd base | | Top of the 9th over - 5 run(s), 3 hit(s), 0 error(s), 0 left on base; North Carolina State 10 - Florida 5 | | BOTTOM OF THE 9TH |
|---|
| Florida Gators batting - Pitching for North Carolina State Wolfpack : RHP Jason Gentile | | Pitching: RHP Frank Diaz | | | Now at 3B: Glen Wemhoff | | | Now at SS: Jonathan Ernst | | | Batting: RHB Aaron Eller | 0-0: Ball 1-0: Swinging Strike 1-1: Swinging Strike 1-2: Strikes out swinging | | Batting: LHB Adam Winston | 0-0: Ball 1-0: Ball 2-0: Fly out, F8 (Flyball, 8RS) | | Batting: SHB Matt Lewis | 0-0: Fly out, F9 (Line Drive, 9S) | | Bottom of the 9th over - 0 run(s), 0 hit(s), 0 error(s), 0 left on base; North Carolina State 10 - Florida 5 | |